 Dungeon Crawl Stone Soup version 0.31.0-4-g52a2dc7128 (webtiles) character file.

Game seed: 12187658528810970662

141 Xavori the Slasher (level 5, -9/40 HPs)
             Began as a Djinni Chaos Knight on Jan 22, 2024.
             Was a Plaything of Xom.
             Killed by psychic fangs
             ... invoked by a brain worm
              (14 damage)
             ... in a sewer.
             The game lasted 00:02:38 (3308 turns).

Xavori the Slasher (Djinni Chaos Knight)            Turns: 3308, Time: 00:02:39

Health: -9/40      AC:  9    Str: 10    XL:     5   Next: 48%
Gold:   102        EV: 12    Int: 13    God:    Xom [.....*] SH:  0 Dex: 18

rFire   + + .        a - +0 falchion (chaos)
rCold   x . .        (no shield)
rNeg    . . .        b - +2 leather armour
rPois   ∞            (helmet restricted)
rElec   .            (no cloak)
rCorr   .            (no gloves)
SInv    .            (boots unavailable)
Will    .....        (no amulet)
Stlth   +            j - +4 ring of protection
HPRegen 1.06/turn    (no ring)
MPRegen 0.00/turn

%: infuse magic (-10 HP)
@: weak-willed, jinxed, flying
A: sickness immunity, fire resistance 2, cold vulnerability 1, float, innate
caster, HP casting, extra vitality 1, claws 1, horns 1, agile 1, strong-willed
1, mutation resistance 1, regeneration 1, MP-powered wands
a: Renounce Religion


You were in a sewer.
You worshipped Xom.
You were Xom's teddy bear.
You visited 1 branch of the dungeon, and saw 3 of its levels.
You also visited: Sewer.

You collected 102 gold pieces.

Inventory:

Hand Weapons
 a - a +0 falchion of chaos (weapon)
Armour
 b - a +2 leather armour (worn)
Jewellery
 j - a +4 ring of protection (left claw)
Scrolls
 c - a scroll of butterflies
 d - 4 scrolls of identify {unknown}
 f - a scroll of enchant armour {unknown}
 i - 2 scrolls of fog {unknown}
 k - a scroll of teleportation {unknown}
 m - a scroll of blinking {unknown}
 o - a scroll of enchant weapon {unknown}
Potions
 e - 2 potions of heal wounds {unknown}
 g - a potion of attraction {unknown}
 h - a potion of curing {unknown}
 l - a potion of enlightenment {unknown}
 n - a potion of mutation {unknown}
 p - a potion of haste {unknown}


   Skills:
 + Level 3.5 Fighting
 + Level 3.8 Long Blades
 + Level 2.1 Armour
 + Level 2.5 Dodging
 * Level 1.0 Spellcasting
 * Level 1.0 Conjurations
 * Level 1.0 Hexes
 * Level 1.0 Summonings
 * Level 1.0 Necromancy
 * Level 1.0 Translocations
 * Level 1.0 Fire Magic
 * Level 1.0 Ice Magic
 * Level 1.0 Air Magic
 * Level 1.0 Earth Magic
 * Level 1.0 Alchemy


You knew the following spells:

 Your Spells              Type           Power      Damage    Failure   Level
a - Sandblast             Erth           6%         2d5       24%         1
b - Jinxbite              Hex            6%         N/A       36%         2
Your spell library was empty.

Dungeon Overview and Level Annotations

Branches:
Dungeon (3/15)              Sewer (1/1)

Altars:
Xom


Innate Abilities, Weirdness & Mutations

You are immune to sickness and miasma.
You are immune to poison.
Your flesh is very heat resistant. (rF++)
You are vulnerable to cold. (rC-)
You float through the air rather than walking.
You learn spells naturally, not from books.
Your magical power is your life essence.
You have superior vitality. (+4 MHP)
You have sharp fingernails.
You have a pair of small horns on your head.
You are agile. (Dex +4, Str/Int -1)
You are strong-willed. (Will+)
You are somewhat resistant to further mutation.
Your natural rate of healing is unusually fast.
You expend health (3 HP) to strengthen your wands.


Message History

The helpless frilled lizard fails to defend itself.
You slash the frilled lizard! You burn the frilled lizard.
You kill the frilled lizard!
No target in view!
No target in view!
Xom's generous nature manifests itself.
Something appears before you!
You see here a staff of air.
You see here a staff of air.
e - 2 bubbling purple potions (gained 1)
p - a fizzy pink potion No target in view!
You see here a staff of air.
You see here a frilled lizard corpse.
A brain worm comes into view.
The brain worm's bulging head throbs.
Something gnaws heavily on your mind!
A brain worm is nearby!
A frilled lizard comes into view.
The frilled lizard hisses angrily.
Cast which spell? (? or * to list)
You beckon some vexing sprites to accompany your attacks.
You feel your willpower being sapped. The brain worm closely misses you.
You barely miss the brain worm.
The brain worm bites you but does no damage.
You barely miss the brain worm. You headbutt the brain worm.
The brain worm is moderately wounded.
The brain worm's throbbing head pulsates.
Something gnaws heavily on your mind!
You hit the brain worm.
The brain worm seems to grow stronger.
The brain worm is heavily wounded.
The brain worm closely misses you.
The brain worm's bulging head throbs.
Something gnaws heavily on your mind!
* * * LOW HITPOINT WARNING * * *
You barely miss the brain worm.
The brain worm is moderately wounded.
The brain worm's bulging head throbs.
Something gnaws heavily on your mind!
You die...
Xom titters!

########################
.~~.~~l~~~~~...........~
....~~w@~~~.~~~....††.~~
########################
#~## ##~# ##~ #~# #####
#~### ##~~~


You could see a brain worm (strong) and a frilled lizard.

Vanquished Creatures
  Jessica (D:2)
  5 adders
  A river rat (D:3)
  2 ribbon worms
  4 ball pythons
  5 endoplasms
  6 giant cockroaches
  7 hobgoblins
  3 jackals (D:1)
  5 kobolds
  A quokka (D:3)
  4 bats
  3 frilled lizards
  3 goblins (D:1)
  6 rats
56 creatures vanquished.

Notes
Turn   | Place    | Note
-------+----------+-------------------------------------------
     0 | D:1      | Xavori the Djinni Chaos Knight began the quest for the Orb.
     0 | D:1      | Reached XP level 1. HP: 20/20 MP: 0/0
    19 | D:1      | XOM: silly message
    97 | D:1      | Reached XP level 2. HP: 24/25 MP: 0/0
   366 | D:1      | XOM: cloud trail
   402 | D:1      | Reached XP level 3. HP: 24/30 MP: 0/0
   402 | D:1      | Learned a level 1 spell: Sandblast
  1092 | D:1      | XOM: divination: detect creatures
  1232 | D:1      | XOM: god gift: 30 gold pieces
  1355 | D:1      | XOM: scenery: create altars
  1488 | D:1      | XOM: give mutations
  1488 | D:1      | Gained mutation: You are agile. (Dex +4, Str/Int -1) [Xom's
                  | grace]
  1488 | D:1      | Gained mutation: You have sharp fingernails. [Xom's grace]
  1488 | D:1      | Gained mutation: You have a pair of small horns on your
                  | head. [Xom's grace]
  1800 | D:1      | XOM: cloud trail
  2102 | D:1      | XOM: silly message
  2618 | D:2      | Noticed Jessica
  2627 | D:2      | Killed Jessica
  2628 | D:2      | Reached XP level 4. HP: 19/35 MP: 0/0
  3032 | D:3      | Reached XP level 5. HP: 14/40 MP: 0/0
  3032 | D:3      | Learned a level 2 spell: Jinxbite
  3067 | D:3      | Found a glowing drain.
  3115 | Sewer    | Entered a sewer
  3154 | Sewer    | Reached skill level 1 in Spellcasting
  3154 | Sewer    | Reached skill level 1 in Conjurations
  3154 | Sewer    | Reached skill level 1 in Hexes
  3154 | Sewer    | Reached skill level 1 in Summonings
  3154 | Sewer    | Reached skill level 1 in Necromancy
  3154 | Sewer    | Reached skill level 1 in Translocations
  3154 | Sewer    | Reached skill level 1 in Fire Magic
  3154 | Sewer    | Reached skill level 1 in Ice Magic
  3154 | Sewer    | Reached skill level 1 in Air Magic
  3154 | Sewer    | Reached skill level 1 in Earth Magic
  3154 | Sewer    | Reached skill level 1 in Alchemy
  3182 | Sewer    | XOM: give mutations
  3182 | Sewer    | Gained mutation: You are somewhat resistant to further
                  | mutation. [Xom's grace]
  3182 | Sewer    | Gained mutation: You are strong-willed. (Will+) [Xom's
                  | grace]
  3182 | Sewer    | Gained mutation: Your natural rate of healing is unusually
                  | fast. [Xom's grace]
  3182 | Sewer    | Gained mutation: You expend health (3 HP) to strengthen
                  | your wands. [Xom's grace]
  3236 | Sewer    | XOM: god gift: staff of air
  3299 | Sewer    | Noticed a brain worm
  3308 | Sewer    | Killed from afar by a brain worm

Illustrated notes

Levels and vault maps discovered:
D:1:      lemuel_arrival_funnel, layout_basic
D:2:      layout_rooms, minmay_tromino_v4_a, uniq_jessica
D:3:      layout_loops_corners, zin_purify, basic_ecumenical_altar,
          gup_sewer_entry_spiral, chequers_decorated_corner, st_stairs_2
Sewer:    sewer_co_cracked_pipes

Skill      XL: |  1  2  3  4  5 |
---------------+----------------+-----
Long Blades    | 3 |  3.8
Armour         | 2 |  2.1
Spellcasting   | 1 |  1.0
Conjurations   | 1 |  1.0
Hexes          | 1 |  1.0
Summonings     | 1 |  1.0
Necromancy     | 1 |  1.0
Translocations | 1 |  1.0
Fire Magic     | 1 |  1.0
Ice Magic      | 1 |  1.0
Air Magic      | 1 |  1.0
Earth Magic    | 1 |  1.0
Alchemy        | 1 |  1.0
Fighting       | |  3.5
Dodging        | |  2.5

Action                     |  1- 3 |  4- 6 || total
---------------------------+-------+-------++-------
  Melee: Falchion          |    73 |    62 ||   135
         Punch             |     3 |       ||     3
         Headbutt          |     4 |    11 ||    15
   Cast: Jinxbite          |       |     1 ||     1
   Stab: Sleeping          |     1 |     2 ||     3
 Armour: Leather armour    |    50 |    30 ||    80
  Dodge: Dodged            |    46 |    24 ||    70
